 Dungeon Crawl Stone Soup version 0.25.1-2-g60ff931df9 (webtiles) character file.

Game seed: 4637205446376878050

31875 lepoulpe303 the Fighter (level 13, 0/178 HPs)
             Began as a Grey Draconian Fighter on Oct 18, 2020.
             Was an Elder of Trog.
             Succumbed to a killer bee's poison
             ... on level 5 of the Lair of Beasts on Oct 19, 2020.
             The game lasted 00:51:37 (19644 turns).

lepoulpe303 the Fighter (Grey Draconian Fighter)   Turns: 19644, Time: 00:51:37

Health: 0/178      AC: 14    Str: 27    XL:     13   Next: 28%
Magic:  4/4        EV: 20    Int:  8    God:    Trog [****..]
Gold:   871        SH: 19    Dex: 17    Spells: 12/12 levels left

rFire    + . .     SeeInvis .   b - +9 rapier of Doubt {antimagic, rC+ Str+3}
rCold    + + .     Gourm    .   B - +0 kite shield
rNeg     . . .     Faith    .   (armour unavailable)
rPois    .         Spirit   .   (helmet restricted)
rElec    .         Reflect  +   A - scarf {rC+ rF+}
rCorr    +         Harm     .   (no gloves)
MR       .....                  I - +0 pair of boots
Stlth    ..........             D - amulet of reflection
HPRegen  0.39/turn              y - +6 ring of dexterity
MPRegen  0.09/turn              C - ring of resist corrosion

@: berserking (expiring), lethally poisoned (0 -> -9), marked, very quick
A: walk through water, unfitting armour, unbreathing, cold-blooded, AC +13
a: Berserk, Trog's Hand, Brothers in Arms, Renounce Religion


You were on level 5 of the Lair of Beasts.
You worshipped Trog.
Trog was greatly pleased with you.
You were very hungry.

You visited 2 branches of the dungeon, and saw 15 of its levels.

You collected 871 gold pieces.

Inventory:

Hand Weapons
 a - a +0 long sword
 b - the +9 rapier of Doubt (weapon) {antimagic, rC+ Str+3}
   (You took it off an orc warrior on level 5 of the Dungeon)

   It reduces the magical energy of the wielder, and disrupts the spells and
   magical abilities of those hit.
   Natural abilities and divine invocations are not affected.
   It affects your strength (+3).
   It protects you from cold.
 O - a +2 antimagic great sword
Missiles
 j - 4 boomerangs (quivered)
 u - a javelin
 x - 14 poisoned darts
Armour
 A - a scarf of resistance (worn)
 B - a +0 kite shield (worn)
 I - a +0 pair of boots (worn)
 J - a +0 cloak
Jewellery
 y - a +6 ring of dexterity (left hand)
 C - a ring of resist corrosion (right hand)
 D - an amulet of reflection (around neck)
 K - an uncursed ring of stealth {unknown}
Wands
 E - a wand of flame (90)
 H - a wand of iceblast (10)
 P - a wand of polymorph (14)
Scrolls
 f - 3 scrolls of magic mapping {!r}
 g - 4 scrolls of fear
 h - 4 scrolls of immolation {!r}
 i - 5 scrolls of identify
 m - a scroll of blinking {unknown}
 o - a scroll of fog {unknown}
 t - 4 scrolls of teleportation
 v - 2 scrolls of amnesia
 w - 3 scrolls of remove curse
 F - 2 scrolls of enchant weapon {unknown}
 N - a scroll of torment {unknown}
Potions
 c - a potion of experience
 d - 5 potions of might
 k - a potion of resistance {unknown}
 l - 2 potions of heal wounds
 n - 6 potions of lignification {!q}
 p - a potion of degeneration {unknown}
 q - 4 potions of curing
 r - 3 potions of invisibility
 s - a potion of haste {unknown}
 z - 3 potions of magic
 G - a potion of flight {unknown}
 L - a potion of mutation {!q}
 M - 2 potions of berserk rage {unknown}
 Q - a potion of stabbing {unknown}
Comestibles
 e - 20 rations


   Skills:
 + Level 12.9 Fighting
 + Level 11.8 Long Blades
 + Level 11.1 Dodging
 + Level 12.0 Shields


You had 12 spell levels left.
You didn't know any spells.
Your spell library was empty.

Dungeon Overview and Level Annotations

Branches:
Dungeon (10/15)            Temple (0/1) D:7            Lair (5/6) D:9
 Shoals (0/4) Lair:4        Snake (0/4) Lair:2
  Slime: Lair:5-6       Orc: D:9-12

Altars:
Cheibriados
Dithmenos
Elyvilon
Fedhas
Hepliaklqana
Kikubaaqudgha
Makhleb
Qazlal
Sif Muna
Trog
Wu Jian
Xom
Yredelemnul
Zin
Beogh

Shops:
D:7 (   D:8 !

Annotations:
D:5 EtherCrawl's ghost, amateur KoBe


Innate Abilities, Weirdness & Mutations

You can walk through water.
Your dull iron-grey scales are very hard. (AC +13)
You cannot fit into any form of body armour.
You can survive without breathing.
You are cold-blooded and may be slowed by cold attacks.


Message History

You feel sick.
You take 1 damage, and have 3/178 hp.
You puncture the killer bee!
You kill the killer bee!
* * * LOW HITPOINT WARNING * * *
You feel sick.
You take 1 damage, and have 2/178 hp.
You puncture the killer bee!
* * * LOW HITPOINT WARNING * * *
You feel sick. The killer bee misses you.
The killer bee stings the plant but does no damage.
You puncture the killer bee!
You kill the killer bee!
* * * LOW HITPOINT WARNING * * *
You feel sick.
The killer bee stings the plant but does no damage.
You take 1 damage, and have 1/178 hp.
You impale the killer bee!!
You kill the killer bee!
You die...

..............y.# ###.#.
#...........P...### ######...#.
#............#....#####.#......#.
##.........#####....P#...........
#..........# ##..........P..##.
#......#...# #...#.#..PP..##..
#...#.#..### ####y.#########..
##..###### ###)yy⌠..### #...
##..###.# #@†y#......####...
.......#### ##P.###....#.#....
....P.....# #...###........##
..........## ##...# ##...⌠...##
...........# #....# #.......#.
...........## #P...# ##.⌠...⌠...
............####....###........##
..............#.....##.#...⌠...#
y...........#.#.P..P#.#........##


You could see 4 killer bees.

Levels and vault maps discovered:
D:1:      heliophobic_arrival_enchanted_forest, layout_loops_ring,
          kennysheep_another_room, minmay_tiny_reverse_x
D:2:      layout_basic, chequers_ecumenical_altar_simple_redux
D:3:      layout_rooms, lemuel_zombie_altar_kikubaaqudgha
D:4:      layout_layer_cave, grunt_temple_overflow_forces_of_nature,
          first_ration, kennysheep_doodads, kennysheep_pointless_box
D:5:      layout_rooms, biasface_ghost_orc_armoury, portal_sewer_entry_b,
          kennysheep_cross_bottleneck
D:6:      layout_loops_ring
D:7:      layout_basic, grunt_temple_overflow_open, marbit_many_paths,
          minmay_temple_entry_sparse_star, serial_shops, shop
D:8:      layout_cave_pools, chequers_temple_overflow_statue_of_worship,
          serial_shops, nicolae_shop_stone, the_bakery
D:9:      layout_irregular_city, lair_entry_dummy,
          nicolae_qazlal_style_of_elements, uniq_erolcha
D:10:     layout_cave_pools, serial_column_ruins, column_ruins_hut,
          column_ruins_hut, column_ruins_columns_corner,
          column_ruins_open_large, column_ruins_open_tiny,
          column_ruins_corridor_T, column_ruins_open_small,
          column_ruins_open_tiny, column_ruins_open_small,
          kennysheep_generic_room_11
Lair:1:   layout_roguey
Lair:2:   layout_cave_pods, dummy_snake_entry
Lair:3:   layout_regular_city, basic_altar, cheibrodos_lair_lostbears,
          uniq_rupert
Lair:4:   layout_cave_pods, minmay_shoals_entry_beasts,
          grunt_forest_large_clearing_hut, grunt_megastairs_3,
          infiniplex_staircase_pool
Lair:5:   layout_cave_pods, special_room [special_room_bee], grunt_megastairs_4

Notes
Turn   | Place    | Note
-------+----------+-------------------------------------------
     0 | D:1      | lepoulpe303 the Draconian Fighter began the quest for the
                  | Orb.
     0 | D:1      | Reached XP level 1. HP: 19/19 MP: 1/1
    46 | D:1      | Identified a +0 dagger
   127 | D:1      | Identified a +0 club
   177 | D:1      | Identified a +0 club
   183 | D:1      | Reached XP level 2. HP: 24/26 MP: 2/2
   401 | D:1      | Identified a +0 whip
   821 | D:2      | Identified a +0 club
   829 | D:2      | Found a faded altar of an unknown god.
   837 | D:2      | Reached skill level 3 in Dodging
   849 | D:2      | Became a worshipper of Trog the Wrathful
   849 | D:2      | Reached * piety under Trog
   940 | D:2      | Identified a +0 dagger
   967 | D:2      | Reached XP level 3. HP: 26/31 MP: 3/3
  1473 | D:2      | Identified a cursed -3 dagger
  2143 | D:2      | HP: 8/33 [poisoned by an adder]
  2151 | D:2      | HP: 7/33 [poisoned by an adder]
  2405 | D:3      | Identified a +0 short sword
  2450 | D:3      | Identified a +0 club
  2459 | D:3      | Reached XP level 4. HP: 36/40 MP: 4/4
  2473 | D:3      | Reached ** piety under Trog
  2563 | D:3      | Reached skill level 4 in Fighting
  2682 | D:3      | Identified a +0 short sword
  2686 | D:3      | Reached skill level 3 in Long Blades
  2972 | D:3      | Identified a +0 hand axe
  2972 | D:3      | Identified a +0 scale mail
  2972 | D:3      | Identified a +0 mace
  2972 | D:3      | Identified a +0 mace
  3056 | D:3      | Identified a +0 club
  3102 | D:3      | Identified a +0 dagger
  3201 | D:3      | Reached XP level 5. HP: 37/46 MP: 5/5
  3292 | D:3      | Identified a +0 club
  3370 | D:3      | Found an ancient bone altar of Kikubaaqudgha.
  3400 | D:4      | Found a blossoming altar of Fedhas.
  3400 | D:4      | Found a stormy altar of Qazlal.
  3400 | D:4      | Identified a +0 short sword
  3400 | D:4      | Identified a +0 flail
  3400 | D:4      | Identified a +0 dagger
  3400 | D:4      | Identified a +0 chain mail
  3400 | D:4      | Identified a +0 chain mail
  3400 | D:4      | Identified a +0 giant spiked club
  3400 | D:4      | Noticed an ogre
  3400 | D:4      | Identified a +0 dagger
  3400 | D:4      | Identified a +0 flail
  3400 | D:4      | Identified a +0 club
  3401 | D:4      | Identified a +0 flail
  3401 | D:4      | Identified a +0 leather armour
  3505 | D:4      | Reached skill level 4 in Shields
  3927 | D:4      | Killed an ogre
  3927 | D:4      | Reached skill level 4 in Dodging
  3927 | D:4      | Reached XP level 6. HP: 55/55 MP: 6/6
  4920 | D:4      | Reached skill level 5 in Fighting
  4920 | D:4      | Reached skill level 4 in Long Blades
  5084 | D:4      | Identified a +0 whip
  5085 | D:4      | Identified a +0 spear
  5086 | D:4      | Identified a +0 spear
  5101 | D:4      | Your scales start taking on a dull iron-grey colour.
  5101 | D:4      | Reached XP level 7. HP: 37/61 MP: 7/7
  5101 | D:4      | Gained mutation: You can survive without breathing. [Grey
                  | Draconian growth]
  5592 | D:5      | Entered Level 5 of the Dungeon
  5631 | D:5      | Identified 4 scrolls of identify
  5631 | D:5      | Identified a ring of dexterity (You found it on level 5 of
                  | the Dungeon)
  5633 | D:5      | Identified 2 potions of experience
  5635 | D:5      | Reached skill level 8 in Fighting
  5635 | D:5      | Reached skill level 7 in Long Blades
  5635 | D:5      | Reached skill level 7 in Dodging
  5635 | D:5      | Reached skill level 7 in Shields
  5635 | D:5      | Reached XP level 8. HP: 75/75 MP: 8/8
  5664 | D:5      | Reached skill level 8 in Shields
  5856 | D:5      | Identified a +0 halberd
  5863 | D:5      | Identified a +0 flail
  5863 | D:5      | Identified a +0 rapier
  5866 | D:5      | Identified a +0 flail
  6091 | D:5      | Identified a +0 flail
  6091 | D:5      | Identified a +0 ring mail
  6098 | D:5      | Identified a +0 dagger
  6098 | D:5      | Identified a +0 robe
  6099 | D:5      | Identified a +0 mace
  6295 | D:5      | Found a runed translucent gate.
  6295 | D:5      | Identified a +0 club
  6295 | D:5      | Identified a +0 dagger
  6295 | D:5      | Identified a +0 leather armour
  6295 | D:5      | Identified a +0 dagger
  6295 | D:5      | Identified a cursed +0 leather armour
  6296 | D:5      | Found a runed translucent gate.
  6297 | D:5      | Found a runed translucent gate.
  6297 | D:5      | Noticed EtherCrawl's ghost (amateur KoBe)
  6297 | D:5      | Identified a +0 whip
  6297 | D:5      | Identified a +0 war axe
  6297 | D:5      | Identified a +0 leather armour
  6298 | D:5      | Identified a +0 hand axe
  6298 | D:5      | Identified a +0 trident
  6298 | D:5      | Identified the +9 rapier of Doubt {antimagic, rC+ Str+3}
  6298 | D:5      | Identified the +2 chain mail of Dishonour {rF+ rC+ Int-3}
  6299 | D:5      | Identified a +4 halberd
  6299 | D:5      | Identified the +1 chain mail of Dull Surprise {Harm rElec}
  6301 | D:5      | Found a roughly hewn altar of Beogh.
  6413 | D:5      | Reached *** piety under Trog
  6806 | D:5      | Identified a +0 long sword
  6834 | D:5      | Identified a +0 pair of boots (You found it on level 5 of
                  | the Dungeon)
  6884 | D:6      | Identified an amulet of reflection (You found it on level 6
                  | of the Dungeon)
  6886 | D:6      | Identified a potion of heal wounds
  7068 | D:6      | Reached skill level 9 in Fighting
  7322 | D:6      | Noticed a hippogriff
  7335 | D:6      | Killed a hippogriff
  7335 | D:6      | Reached skill level 8 in Long Blades
  7513 | D:6      | Reached XP level 9. HP: 82/83 MP: 9/9
  7562 | D:6      | Identified a +0 shortbow
  7940 | D:7      | Identified a +0 giant club
  8018 | D:7      | Found a white marble altar of Elyvilon.
  8019 | D:7      | Found a shimmering altar of Xom.
  8020 | D:7      | Found a shadowy altar of Dithmenos.
  8020 | D:7      | Found an ornate altar of the Wu Jian Council.
  8022 | D:7      | Found a shimmering blue altar of Sif Muna.
  8022 | D:7      | Found a snail-covered altar of Cheibriados.
  8024 | D:7      | Found a glowing silver altar of Zin.
  8145 | D:7      | Found a staircase to the Ecumenical Temple.
  8213 | D:7      | Identified a +0 dagger
  8213 | D:7      | Identified a +2 short sword of holy wrath
  8246 | D:7      | Identified a +0 shortbow
  8248 | D:7      | Reached **** piety under Trog
  8314 | D:7      | Identified a +0 giant club
  8357 | D:7      | Found Kusedi's Weapon Shoppe.
  8518 | D:7      | Reached skill level 8 in Dodging
  8759 | D:7      | Found a burning altar of Makhleb.
  8952 | D:8      | Identified a +0 short sword
  8995 | D:8      | Identified a scarf of resistance (You found it on level 8
                  | of the Dungeon)
  9010 | D:8      | Identified a +0 shortbow
  9054 | D:8      | Found a basalt altar of Yredelemnul.
  9056 | D:8      | Found a hazy altar of Hepliaklqana.
  9158 | D:8      | Identified a +0 dagger
  9179 | D:8      | Identified a +0 dagger
  9179 | D:8      | Identified a +0 robe
  9184 | D:8      | Reached skill level 9 in Shields
  9184 | D:8      | Reached XP level 10. HP: 93/93 MP: 3/10
  9205 | D:8      | Found Cuusilif's Distillery.
  9524 | D:9      | Identified a +0 mace
  9629 | D:9      | Identified a cursed -3 flail
  9636 | D:9      | Identified a +0 troll leather armour
  9683 | D:9      | Identified a cursed -1 giant club
  9687 | D:9      | Identified a +0 giant club
  9745 | D:9      | Found a staircase to the Lair.
  9823 | D:9      | Identified a +0 giant spiked club
  9829 | D:9      | Reached ***** piety under Trog
  9829 | D:9      | Reached skill level 10 in Fighting
  9853 | D:9      | Identified a +0 giant club
  9938 | D:9      | Reached skill level 9 in Long Blades
  9968 | D:9      | Identified a +0 giant spiked club
  9968 | D:9      | Identified a +0 robe
  9968 | D:9      | Noticed Erolcha
 10059 | D:9      | Identified 4 potions of lignification
 10060 | D:9      | Identified 3 potions of invisibility
 10061 | D:9      | Identified 3 potions of magic
 10062 | D:9      | Identified 5 scrolls of teleportation
 10063 | D:9      | Identified 4 scrolls of remove curse
 10064 | D:9      | Identified a ring of resist corrosion (You found it on
                  | level 9 of the Dungeon)
 10085 | D:9      | Identified a cursed -1 dagger
 10085 | D:9      | Identified a +0 ring mail
 10086 | D:9      | Identified a +0 short sword
 10086 | D:9      | Identified a +0 leather armour
 10086 | D:9      | Identified a +1 vorpal trident
 10086 | D:9      | Identified a +0 chain mail
 10087 | D:9      | Identified a +0 dagger
 10087 | D:9      | Identified a cursed -1 robe
 10324 | D:9      | Found a stormy altar of Qazlal.
 10722 | D:9      | Killed Erolcha
 10787 | D:9      | Identified a +0 cloak (You found it on level 9 of the
                  | Dungeon)
 10802 | D:10     | Entered Level 10 of the Dungeon
 10825 | Lair:1   | Entered Level 1 of the Lair of Beasts
 10999 | Lair:1   | Noticed a black mamba
 11006 | Lair:1   | Killed a black mamba
 11293 | Lair:1   | Noticed a spiny frog
 11308 | Lair:1   | Killed a spiny frog
 11316 | Lair:1   | Reached XP level 11. HP: 70/101 MP: 3/11
 11523 | Lair:1   | Noticed a five-headed hydra
 11659 | D:10     | Reached skill level 9 in Dodging
 11836 | Lair:1   | Killed a five-headed hydra
 12469 | Lair:2   | Reached skill level 10 in Shields
 12736 | Lair:2   | Reached skill level 11 in Fighting
 12894 | Lair:2   | Reached skill level 10 in Long Blades
 13529 | Lair:2   | Found a staircase to the Snake Pit.
 13963 | Lair:2   | Identified 3 potions of curing
 13964 | Lair:2   | Identified a potion of mutation
 13965 | Lair:2   | Identified 5 scrolls of immolation
 13966 | Lair:2   | Identified 4 scrolls of fear
 13967 | Lair:2   | Identified 3 scrolls of amnesia
 13968 | Lair:2   | Identified 3 scrolls of magic mapping
 14157 | Lair:3   | Identified a +2 antimagic great sword
 14157 | Lair:3   | Identified a +0 chain mail
 14157 | Lair:3   | Noticed Rupert
 14299 | Lair:3   | Received a gift from Trog
 14615 | Lair:3   | Reached XP level 12. HP: 106/110 MP: 4/12
 14634 | Lair:3   | Reached skill level 10 in Dodging
 14819 | Lair:3   | Found a glowing silver altar of Zin.
 15388 | Lair:3   | Paralysed by Rupert for 5 turns
 15396 | Lair:3   | Identified a +0 giant club
 15402 | Lair:3   | Killed Rupert
 15432 | Lair:4   | Reached skill level 11 in Shields
 15490 | Lair:4   | Reached skill level 12 in Fighting
 15584 | Lair:4   | Found a staircase to the Shoals.
 15830 | Lair:4   | Reached skill level 11 in Long Blades
 16354 | Lair:4   | Noticed a five-headed hydra
 16354 | Lair:4   | Identified a +0 shortbow
 16363 | Lair:4   | Killed a five-headed hydra
 17191 | Lair:5   | Noticed a death yak
 17193 | Lair:5   | Noticed a death yak
 17194 | Lair:5   | Noticed a death yak
 17210 | Lair:5   | Noticed a death yak
 17216 | Lair:5   | Killed a death yak
 17261 | Lair:4   | Killed a death yak
 17266 | Lair:4   | Killed a death yak
 17639 | Lair:5   | Killed a death yak
 17907 | Lair:5   | Noticed a death yak
 17907 | Lair:5   | Noticed a death yak
 17907 | Lair:5   | Noticed a death yak
 17910 | Lair:5   | Noticed a death yak
 17910 | Lair:5   | Noticed a death yak
 17912 | Lair:5   | Noticed a death yak
 17939 | Lair:4   | Killed a death yak
 17939 | Lair:4   | Reached XP level 13. HP: 85/119 MP: 4/13
 18540 | Lair:4   | Reached skill level 11 in Dodging
 19219 | Lair:5   | Identified a +0 hand axe
 19219 | Lair:5   | Identified a +0 leather armour
 19228 | Lair:5   | Identified a +0 hand axe
 19228 | Lair:5   | Identified a +0 leather armour
 19249 | Lair:5   | HP: 26/119 [meliai/divine providence (14)]
 19251 | Lair:5   | HP: 9/119 [meliai/divine providence (10)]
 19623 | Lair:5   | HP: 36/178 [meliai/divine providence (13)]
 19628 | Lair:5   | HP: 27/178 [poisoned by a killer bee]
 19630 | Lair:5   | Identified a +0 war axe
 19630 | Lair:5   | Identified a +0 robe
 19633 | Lair:5   | HP: 19/178 [poisoned by a killer bee]
 19633 | Lair:5   | HP: 9/178 [meliai/divine providence (10)]
 19635 | Lair:5   | Reached skill level 12 in Shields
 19638 | Lair:5   | HP: 5/178 [poisoned by a killer bee]
 19641 | Lair:5   | HP: 2/178 [poisoned by a killer bee]
 19644 | Lair:5   | Succumbed to a killer bee's poison

Table legend:
 A = Turns spent in this place as a percentage of turns spent in the entire game.
 B = Non-inter-level travel turns spent in this place as a percentage of non-inter-level travel turns spent in the entire game.
 C = Inter-level travel turns spent in this place as a percentage of turns spent in this place.
 D = Turns resting spent in this place as a percentage of non-inter-level travel turns spent in this place.
 E = Turns spent auto-exploring this place as a percentage of non-inter-level travel turns spent in this place.
 F = Non-inter-level travel turns spent in this place divided by the number of levels of this place that you've seen.
                   A       B       C       D       E      F
               +-------+-------+-------+-------+-------+----------------------
         Total | 100.0 | 100.0 |   2.5 |  20.8 |  62.3 | 1276.4
       Dungeon |  56.4 |  56.0 |   3.2 |  15.4 |  66.1 | 1072.5
          Lair |  43.6 |  44.0 |   1.7 |  27.6 |  57.5 | 1684.2
               +-------+-------+-------+-------+-------+----------------------

Table legend:
 A = Kills in this place as a percentage of kills in entire the game.
 B = Kills by you in this place as a percentage of kills by you in the entire game.
 C = Kills by friends in this place as a percentage of kills by friends in the entire game.
 D = Other kills in this place as a percentage of other kills in the entire game.
 E = Experience gained in this place as a percentage of experience gained in the entire game.
 F = Experience gained in this place divided by the number of levels of this place that you have seen.
                   A       B       C       D       E      F
               +-------+-------+-------+-------+-------+----------------------
         Total | 100.0 | 100.0 | 100.0 | 100.0 | 100.0 | 2989.5
       Dungeon |  64.3 |  64.7 |   0.0 |   0.0 |  20.8 | 931.0
          Lair |  35.7 |  35.3 | 100.0 | 100.0 |  79.2 | 7106.6
               +-------+-------+-------+-------+-------+----------------------

Skill      XL: |  1  2  3  4  5  6  7  8  9 10 11 12 13 |
---------------+----------------------------------------+-----
Dodging        | 3 4 7 8 9 10 11 | 11.1
Fighting       | 4 5 8 9 10 11 12 | 12.9
Long Blades    | 3 4 7 8 9 10 11 | 11.8
Shields        | 4 7 8 9 10 11 12 | 12.0

Action                   |  1- 3 |  4- 6 |  7- 9 | 10-12 | 13-15 || total
-------------------------+-------+-------+-------+-------+-------++-------
Melee: Long sword        |   129 |   178 |   179 |       |       ||   486
       Tailslap          |    14 |    38 |    50 |   159 |    50 ||   311
       Rapier            |       |       |   130 |   670 |   134 ||   934
Throw: Javelin           |       |    11 |       |       |       ||    11
       Boomerang         |       |     6 |     8 |   129 |    11 ||   154
       Dart              |       |       |       |     1 |       ||     1
Invok: Berserk           |       |     1 |     1 |     3 |     1 ||     6
       Brothers in Arms  |       |       |       |     1 |       ||     1
       Trog's Hand       |       |       |       |       |     1 ||     1
Evoke: Wand              |       |       |       |     2 |       ||     2
  Use: Scroll            |       |       |     4 |    11 |     1 ||    16
       Potion            |       |       |     1 |       |       ||     1
 Stab: Sleeping          |       |       |     3 |     2 |       ||     5
       Distracted        |       |       |       |       |     1 ||     1
  Eat: Chunk             |     5 |     9 |     8 |    16 |     1 ||    39
       Ration            |       |       |     2 |     5 |     1 ||     8
Armor: Skin              |    54 |    35 |    66 |    68 |    24 ||   247
Dodge: Dodged            |    80 |    68 |   135 |   237 |   104 ||   624
Block: Kite shield       |    65 |    99 |   239 |   480 |   172 ||  1055
       Reflection        |       |       |    14 |     2 |     1 ||    17
       Rpst.: Long sword |    22 |    17 |    23 |       |       ||    62

Vanquished Creatures
  Erolcha (D:9)
  2 hydras
  10 death yaks
  6 elephants (Lair:3)
  2 black mambas
  8 spiny frogs
  A rime drake (Lair:5)
  4 komodo dragons
  A troll (D:9)
  4 polar bears
  2 meliai (Lair:5)
  7 blink frogs
  8 hippogriffs
  A spriggan (D:8)
  20 yaks
  2 basilisks
  8 water moccasins
  2 orc warriors
  5 porcupines
  2 sky beasts
  5 ice beasts
  2 phantoms
  7 ogres
  A necrophage (D:8)
  7 wolves
  4 centaurs
  11 crocodiles
  2 big kobolds
  11 bullfrogs
  3 scorpions
  21 killer bees
  2 howler monkeys
  3 crimson imps
  A centaur zombie (D:7)
  A hound (D:6)
  A bullfrog zombie (D:3)
  2 jellies (D:7)
  3 orc priests
  3 bullfrog skeletons
  3 iguanas
  2 orc wizards
  7 worker ants
  A killer bee zombie (D:6)
  7 gnolls
  A river rat (D:5)
  10 adders
  A shadow imp (D:6)
  An ooze (D:3)
  2 adder skeletons
  A worm (D:3)
  A dart slug (D:2)
  4 leopard geckos
  28 orcs
  A bat zombie (D:3)
  5 giant cockroaches
  7 hobgoblins
  9 jackals
  4 quokkas
  4 ball pythons
  7 bats
  5 frilled lizards
  A giant cockroach zombie (D:5)
  4 goblins (D:1)
  19 kobolds
  A leopard gecko skeleton (D:8)
  A quokka skeleton (D:6)
  12 rats
  2 rat zombies (D:3)
337 creatures vanquished.

Vanquished Creatures (collateral kills)
  Rupert (Lair:3)
1 creature vanquished.

Vanquished Creatures (others)
  A manticore (Lair:4)
  8 fungi
  6 plants
15 creatures vanquished.

Grand Total: 353 creatures vanquished
